[Event "Titled Tuesday Blitz July 4 Early 2023"]
[White "Ganiev, Roman"]
[Black "Coelho, Ramyres Santana"]
[WhiteFideId "4131452"]
[BlackFideId "2120690"]
[WhiteElo "2614"]
[BlackElo "2317"]
[Result "1-0"]
[Round "1"]
[TimeControl "180+2"]
[Date "2023.07.04"]
[WhiteClock "0:01:10"]
[BlackClock "0:00:31"]
[Board "159"]

1. e4 c5 2. Nf3 d6 3. d4 cxd4 4. Nxd4 Nf6 5. Nc3 a6 6. h3 e6 7. g4 b5 8. g5 Nfd7 9. Bg2 Bb7 10. h4 b4 11. Nce2 Be7 12. Be3 Nc5 13. Ng3 Nc6 14. f4 O-O 15. Qd2 a5 16. O-O Nxd4 17. Bxd4 Qc7 18. f5 d5 19. e5 Ne4 20. Qe3 Nxg3 21. Qxg3 Qxc2 22. Rac1 Qa4 23. f6 Bd8 24. h5 g6 25. hxg6 fxg6 26. Bh3 Qd7 27. Qg4 Ra6 28. f7+ Rxf7 29. Rxf7 Qxf7 30. Rf1 Qe8 31. Bc5 Bb6 32. Qxe6+ Qxe6 33. Bxe6+ Kg7 34. Rf7+ Kh8 35. Rf8+ Kg7 36. Rg8# 1-0


[Site "https://www.chess.com"]

[Event "Titled Tuesday Blitz July 4 Early 2023"]
[White "Mikhaylova, Irina"]
[Black "Moral Garcia, Serafin"]
[WhiteFideId "4109040"]
[BlackFideId "2201925"]
[WhiteElo "2317"]
[BlackElo "2611"]
[Result "1-0"]
[Round "1"]
[TimeControl "180+2"]
[Date "2023.07.04"]
[WhiteClock "0:00:50"]
[BlackClock "0:00:43"]
[Board "160"]

1. Nf3 Nf6 2. c4 c5 3. Nc3 Nc6 4. d4 cxd4 5. Nxd4 g6 6. e4 Bg7 7. Be3 O-O 8. Be2 d6 9. O-O Bd7 10. Rc1 Nxd4 11. Bxd4 Bc6 12. f3 Nd7 13. b3 Bxd4+ 14. Qxd4 Qb6 15. Rfd1 Qxd4+ 16. Rxd4 a5 17. Nd5 Bxd5 18. cxd5 Rfc8 19. Rdc4 Nb6 20. Rxc8+ Rxc8 21. Rxc8+ Nxc8 22. Kf2 f5 23. exf5 gxf5 24. f4 Kg7 25. Ke3 Kf6 26. Kd4 Nb6 27. Bb5 Na8 28. a3 Nc7 29. Bd3 h6 30. b4 axb4 31. axb4 e5+ 32. dxe6 Nxe6+ 33. Ke3 b6 34. Bc4 Nf8 35. Kd4 Ng6 36. g3 Ne7 37. Bd5 b5 38. Bf3 Ke6 39. g4 fxg4 40. Bxg4+ Kf6 41. Bd7 Ng6 42. Bxb5 Nxf4 43. Bf1 Ke6 44. b5 Kd7 45. Ke4 Ng6 46. Kf5 Ne7+ 47. Kf6 d5 48. Kg7 h5 49. Kh6 h4 50. Kh5 Kd6 51. Kxh4 Kc5 52. Kg5 d4 53. h4 Nd5 54. h5 Ne3 55. Bd3 1-0


[Site "https://www.chess.com"]

[Event "Titled Tuesday Blitz July 4 Early 2023"]
[White "Ozdemir, Serhan Berat"]
[Black "Melaugh, Shane"]
[WhiteFideId "6374611"]
[BlackFideId "2509580"]
[WhiteElo "2611"]
[BlackElo "2315"]
[Result "1-0"]
[Round "1"]
[TimeControl "180+2"]
[Date "2023.07.04"]
[WhiteClock "0:01:03"]
[BlackClock "0:01:05"]
[Board "161"]

1. e4 c5 2. Nf3 e6 3. c3 Nf6 4. e5 Nd5 5. d4 cxd4 6. cxd4 d6 7. a3 Nc6 8. Bd3 Qc7 9. O-O dxe5 10. dxe5 Nxe5 11. Nxe5 Qxe5 12. Bb5+ Bd7 13. Bxd7+ Kxd7 14. Qf3 Bd6 15. g3 Qf6 16. Qb3 Rhb8 17. Re1 Bc5 18. Re2 Ke7 19. Qxd5 Qxf2+ 20. Rxf2 Bxf2+ 21. Kxf2 exd5 22. Bf4 Rd8 23. Ke3 Rac8 24. Kd3 f6 25. Nc3 a6 26. Na4 Rc4 27. b4 g5 28. Be3 Kf7 29. Nc5 Rc8 30. Nxb7 Rc3+ 31. Kd4 Rc2 32. Nd6+ Ke6 33. Nxc8 Rxc8 34. Rc1 1-0


[Site "https://www.chess.com"]

[Event "Titled Tuesday Blitz July 4 Early 2023"]
[White "Prieto Aranguren, Alain"]
[Black "Sargsyan, Anna M."]
[WhiteFideId "2268906"]
[BlackFideId "13308130"]
[WhiteElo "2314"]
[BlackElo "2609"]
[Result "1-0"]
[Round "1"]
[TimeControl "180+2"]
[Date "2023.07.04"]
[WhiteClock "0:00:24"]
[BlackClock "0:00:31"]
[Board "162"]

1. d4 d5 2. c4 c6 3. cxd5 cxd5 4. Nf3 Nc6 5. Bf4 Bf5 6. Nc3 Nf6 7. e3 e6 8. Bd3 Bxd3 9. Qxd3 Bd6 10. Bxd6 Qxd6 11. O-O O-O 12. Rac1 a6 13. Na4 Ne4 14. Nc5 Nxc5 15. Rxc5 b6 16. Rc2 Na5 17. Rfc1 g6 18. Ne5 f6 19. Nxg6 Rf7 20. Rc8+ Rxc8 21. Rxc8+ Kg7 22. Nf4 b5 23. g4 Nc4 24. Nh5+ Kh6 25. Rg8 f5 26. Nf6 fxg4 27. Nxg4+ Kh5 28. Qe2 Kh4 29. Ne5 Nxe5 30. dxe5 Qb4 31. f4 1-0


[Site "https://www.chess.com"]

[Event "Titled Tuesday Blitz July 4 Early 2023"]
[White "Skliarov, Viktor"]
[Black "Juknis, Paulius"]
[WhiteFideId "14106736"]
[BlackFideId "12802247"]
[WhiteElo "2608"]
[BlackElo "2312"]
[Result "1-0"]
[Round "1"]
[TimeControl "180+2"]
[Date "2023.07.04"]
[WhiteClock "0:00:46"]
[BlackClock "0:01:05"]
[Board "163"]

1. e4 c5 2. Nf3 Nc6 3. Bb5 Nf6 4. Bxc6 dxc6 5. d3 g6 6. O-O Bg7 7. Be3 Ng4 8. Bc1 O-O 9. h3 Nf6 10. Nc3 Ne8 11. Be3 b6 12. Qd2 e5 13. Bh6 f6 14. Nh2 g5 15. Bxg7 Nxg7 16. a3 a5 17. Nd1 Ne6 18. Ne3 Nf4 19. Rfd1 Be6 20. Nhf1 Qe7 21. Ng3 Kh8 22. Ngf5 Qd7 23. Kh2 Rg8 24. g3 Ng6 25. Qe2 Qf7 26. Nh6 Nf4 1-0


[Site "https://www.chess.com"]

[Event "Titled Tuesday Blitz July 4 Early 2023"]
[White "Vaglio Munoz, Jaime"]
[Black "Czerw, Dawid"]
[WhiteFideId "6500145"]
[BlackFideId "1145746"]
[WhiteElo "2312"]
[BlackElo "2606"]
[Result "0-1"]
[Round "1"]
[TimeControl "180+2"]
[Date "2023.07.04"]
[WhiteClock "0:00:18"]
[BlackClock "0:00:16"]
[Board "164"]

1. Nf3 c5 2. c4 Nf6 3. b3 g6 4. Bb2 Bg7 5. g3 O-O 6. Bg2 Nc6 7. O-O d6 8. d4 cxd4 9. Nxd4 Bd7 10. Nc2 a6 11. Nc3 Rb8 12. a4 Qc8 13. Re1 Bh3 14. Bh1 Qf5 15. Ne3 Qh5 16. Bf3 Qa5 17. g4 Ne5 18. Ncd5 Nxd5 19. Bxe5 Nxe3 20. fxe3 Qxe5 21. Ra2 Qxe3+ 22. Kh1 Be5 23. Rg1 b5 24. axb5 axb5 25. Qd3 Qxd3 26. exd3 bxc4 27. bxc4 Rb3 28. Rd2 Bf4 29. Rdd1 Rb2 30. Bg2 Bxg2+ 31. Rxg2 Rfb8 32. h4 Kg7 33. g5 h6 34. Rg4 hxg5 35. hxg5 Rb1 36. Rxb1 Rxb1+ 37. Kg2 Bd2 38. Kf3 Re1 39. Rg2 Bc3 40. Rc2 Bd4 41. Kg4 Rg1+ 42. Kf4 Be5+ 43. Ke4 Rxg5 44. d4 Rg4+ 45. Kf3 Rxd4 46. c5 dxc5 47. Rxc5 Bd6 48. Ra5 Rb4 49. Ra2 f5 50. Rg2 Kf6 51. Rd2 g5 52. Ke2 Rb3 53. Rd5 f4 54. Ra5 g4 55. Ra8 Rb2+ 56. Kd3 g3 57. Rf8+ Ke6 58. Rg8 f3 59. Ke3 f2 60. Rf8 Rb1 61. Ke2 Re1+ 62. Kd2 f1=Q 63. Rxf1 Rxf1 64. Ke3 g2 65. Ke4 g1=Q 66. Kd3 Rf4 0-1


[Site "https://www.chess.com"]

[Event "Titled Tuesday Blitz July 4 Early 2023"]
[White "Akhmedinov, Satbek"]
[Black "Freile Martin, Javier"]
[WhiteFideId "13714287"]
[BlackFideId "3600165"]
[WhiteElo "2606"]
[BlackElo "2311"]
[Result "1-0"]
[Round "1"]
[TimeControl "180+2"]
[Date "2023.07.04"]
[WhiteClock "0:01:08"]
[BlackClock "0:00:44"]
[Board "165"]

1. e4 c5 2. Nf3 d6 3. Bb5+ Nd7 4. O-O Qc7 5. Re1 e5 6. c3 Nf6 7. d4 Be7 8. dxe5 dxe5 9. Bg5 O-O 10. Nbd2 Nb6 11. Nc4 Bg4 12. h3 Bh5 13. Bxf6 Bxf6 14. Ne3 c4 15. Nd5 Nxd5 16. exd5 a6 17. Ba4 Rad8 18. Bc2 Qc5 19. Be4 Rd6 20. Qc2 Bg6 21. Nd2 Rxd5 22. Bxg6 hxg6 23. Ne4 Qb6 24. Qe2 Qc7 25. Rad1 Rfd8 26. Rxd5 Rxd5 27. Nd2 b5 28. Nf3 Qd6 29. a4 g5 30. axb5 axb5 31. Qe3 Rd3 32. Qa7 g6 33. Qb7 Qd5 34. Qxd5 Rxd5 35. Kf1 Kf8 36. Ke2 Ke7 37. Ra1 Rd7 38. Ra5 Rb7 39. g4 Ke6 40. Ra6+ Ke7 41. Nd2 Bg7 42. Ne4 f6 43. Nc5 Rc7 44. Ne6 Rb7 45. Nxg7 Kf7 46. Ne6 b4 47. Nd8+ 1-0


[Site "https://www.chess.com"]

[Event "Titled Tuesday Blitz July 4 Early 2023"]
[White "Sokolov, Andrei"]
[Black "Vovk, Orest"]
[WhiteFideId "11600306"]
[BlackFideId "14113490"]
[WhiteElo "2310"]
[BlackElo "2604"]
[Result "0-1"]
[Round "1"]
[TimeControl "180+2"]
[Date "2023.07.04"]
[WhiteClock "0:00:00"]
[BlackClock "0:00:34"]
[Board "166"]

1. d4 h6 2. c4 g5 3. Nc3 Bg7 4. e4 c5 5. d5 Bxc3+ 6. bxc3 d6 7. Bd3 Qa5 8. Bd2 Nd7 9. h4 Ne5 10. Qc2 g4 11. h5 Nf6 12. Ne2 Bd7 13. Nc1 Ba4 14. Qb2 Qb6 15. Rb1 Qxb2 16. Rxb2 O-O-O 17. Ke2 b6 18. a3 Rdg8 19. g3 Nfd7 20. Bf4 f6 21. Ke3 Nxd3 22. Nxd3 Ne5 23. Bxe5 fxe5 24. Rhb1 Rf8 25. Rh1 Rf3+ 26. Ke2 Rhf8 27. Rh4 Bd7 28. Rd2 Rg8 29. Kd1 Ba4+ 30. Kc1 Bb3 31. Kb2 Bxc4 32. Ne1 Rf6 33. Ng2 Bf1 34. Ne3 Bh3 35. Rc2 Rgf8 36. Nxg4 Bxg4 37. Rxg4 Rxf2 38. Rg6 Rxc2+ 39. Kxc2 Rf3 40. Kb3 b5 41. Rxh6 Rxg3 42. Rg6 Rh3 43. h6 a5 44. Kc2 Kd7 45. Rg7 Rh2+ 46. Kd3 Rxh6 47. Rg8 Rh3+ 48. Kc2 Rh2+ 49. Kd3 c4+ 50. Ke3 Rc2 51. Rb8 Rxc3+ 52. Kd2 Rb3 53. Rxb5 Rxb5 54. a4 Rb4 55. Kc3 Rxa4 0-1


[Site "https://www.chess.com"]

[Event "Titled Tuesday Blitz July 4 Early 2023"]
[White "Subelj, Jan"]
[Black "Acikel, Mert"]
[WhiteFideId "14618583"]
[BlackFideId "12956465"]
[WhiteElo "2602"]
[BlackElo "2306"]
[Result "1-0"]
[Round "1"]
[TimeControl "180+2"]
[Date "2023.07.04"]
[WhiteClock "0:01:47"]
[BlackClock "0:00:31"]
[Board "167"]

1. e4 e5 2. Nf3 Nc6 3. d3 Nf6 4. Nbd2 Bc5 5. Be2 O-O 6. O-O d5 7. c3 h6 8. Qc2 a5 9. b3 Re8 10. Bb2 Bg4 11. h3 Bh5 12. Rfe1 Bg6 13. a3 Qd7 14. Rad1 Bb6 15. Bf1 Rad8 16. b4 axb4 17. axb4 Ra8 18. b5 Nb8 19. c4 c6 20. Nxe5 Qd6 21. Nxg6 fxg6 22. e5 1-0


[Site "https://www.chess.com"]

[Event "Titled Tuesday Blitz July 4 Early 2023"]
[White "Castillo Sevilla, Ian Eiffel"]
[Black "Filgueira, Hernan"]
[WhiteFideId "6104207"]
[BlackFideId "101770"]
[WhiteElo "2301"]
[BlackElo "2602"]
[Result "0-1"]
[Round "1"]
[TimeControl "180+2"]
[Date "2023.07.04"]
[WhiteClock "0:00:12"]
[BlackClock "0:00:30"]
[Board "168"]

1. d4 e6 2. Bf4 b6 3. e3 Bb7 4. Nf3 Nf6 5. h3 d6 6. Nbd2 Nbd7 7. Bh2 g6 8. Be2 Bg7 9. O-O O-O 10. a4 a5 11. c3 Qe7 12. Nc4 Kh8 13. Qc2 Be4 14. Qb3 h6 15. Rfd1 g5 16. Ncd2 Bd5 17. Bc4 Bb7 18. Bd3 g4 19. hxg4 Nxg4 20. Bg3 Bf6 21. e4 Rg8 22. Re1 e5 23. dxe5 Ngxe5 24. Nxe5 Bxe5 25. Bxe5+ Nxe5 26. Bf1 Qf6 27. Re3 Rg6 28. Rae1 Rag8 29. Qd1 Bc8 30. Qh5 Bg4 31. Qh2 Bf3 32. Qh1 Bxg2 33. Bxg2 Rxg2+ 34. Qxg2 Rxg2+ 35. Kxg2 Qg5+ 36. Kf1 Qh5 37. f3 Qh2 38. R1e2 Qf4 39. Kf2 Ng4+ 0-1


[Site "https://www.chess.com"]

[Event "Titled Tuesday Blitz July 4 Early 2023"]
[White "MKlose11"]
[Black "Rodriguez Santiago, Jaime"]
[BlackFideId "3100898"]
[WhiteElo "2601"]
[BlackElo "2296"]
[Result "1-0"]
[Round "1"]
[TimeControl "180+2"]
[Date "2023.07.04"]
[WhiteClock "0:01:01"]
[BlackClock "0:00:27"]
[Board "169"]

1. e4 c6 2. Nc3 d5 3. g3 dxe4 4. Nxe4 Nf6 5. Bg2 Bf5 6. d3 e6 7. Ne2 Be7 8. O-O O-O 9. N2c3 Nbd7 10. Re1 h6 11. a3 a5 12. Be3 Rc8 13. Rb1 b5 14. Bf4 Nxe4 15. Nxe4 e5 16. Bd2 Be6 17. b4 a4 18. Qe2 f5 19. Nc3 Bd6 20. f4 Be7 21. fxe5 Nb6 22. Be3 Nd5 23. Nxd5 Bxd5 24. d4 Bc4 25. Qd2 Bd5 26. Rf1 Bxg2 27. Qxg2 Qd7 28. Rf2 Qe6 29. c3 Kh7 30. Rbf1 g6 31. Bc1 Qb3 32. Qf3 Rf7 33. Qd3 Rcf8 34. h4 Kh8 35. h5 g5 36. Bd2 Qe6 37. Rf3 f4 38. gxf4 g4 39. f5 Qd5 40. Rg3 Rg8 41. f6 Bf8 42. Rf4 Qb3 43. Rfxg4 Rxg4 44. Rxg4 Qxa3 45. Qg6 1-0


[Site "https://www.chess.com"]

[Event "Titled Tuesday Blitz July 4 Early 2023"]
[White "Kuchava, Ana"]
[Black "Marosi, Levente"]
[WhiteFideId "13605348"]
[BlackFideId "747181"]
[WhiteElo "2292"]
[BlackElo "2599"]
[Result "0-1"]
[Round "1"]
[TimeControl "180+2"]
[Date "2023.07.04"]
[WhiteClock "0:00:00"]
[BlackClock "0:00:53"]
[Board "170"]

1. d4 Nf6 2. Nf3 g6 3. c4 Bg7 4. Nc3 O-O 5. e4 d6 6. Be2 e5 7. O-O Nc6 8. Be3 Ng4 9. Bg5 f6 10. Bc1 f5 11. d5 Ne7 12. Ng5 Nf6 13. exf5 Nxf5 14. Bd3 Qe7 15. Nge4 Nxe4 16. Nxe4 Nd4 17. Bg5 Qf7 18. Qd2 Bf5 19. Rae1 Qd7 20. Bh6 Rae8 21. b3 b6 22. Bb1 a5 23. Ng3 Bxb1 24. Rxb1 Bxh6 25. Qxh6 Qg7 26. Qxg7+ Kxg7 27. Ne4 Rf4 28. f3 h6 29. a3 Ra8 30. Rb2 Rff8 31. Kf2 g5 32. Ke3 Kg6 33. Rfb1 h5 34. h3 g4 35. hxg4 hxg4 36. Rh1 Rh8 37. Rxh8 Rxh8 38. fxg4 Rf8 39. b4 axb4 40. axb4 Ra8 41. c5 Ra3+ 42. Kf2 bxc5 43. bxc5 dxc5 44. Nxc5 Ra5 45. Ne6 Rxd5 46. Nxc7 Rc5 47. Na6 Rc4 48. Nb4 Ne6 49. Nd3 Kf6 50. g5+ Nxg5 51. Rb6+ Kf5 52. Rb5 Re4 53. Nc5 Rf4+ 54. Ke2 Rg4 55. Kf2 Rd4 56. Nb3 Ne4+ 57. Kf3 Rd3+ 58. Ke2 Rg3 59. Kf1 Rxb3 60. Rxb3 Nd2+ 61. Ke2 Nxb3 62. Ke3 Nd4 63. g4+ Ke6 64. Ke4 Nc6 65. g5 Ne7 0-1


[Site "https://www.chess.com"]

[Event "Titled Tuesday Blitz July 4 Early 2023"]
[White "Gunduz, Umut Erdem"]
[Black "Biriukov, Ilja"]
[WhiteFideId "6381383"]
[BlackFideId "4113373"]
[WhiteElo "2599"]
[BlackElo "2292"]
[Result "1-0"]
[Round "1"]
[TimeControl "180+2"]
[Date "2023.07.04"]
[WhiteClock "0:02:09"]
[BlackClock "0:00:41"]
[Board "171"]

1. e4 c5 2. Nf3 d6 3. d4 cxd4 4. Nxd4 Nf6 5. f3 a6 6. c4 e6 7. Nc3 Be7 8. Be3 Qc7 9. Be2 b6 10. O-O Bb7 11. Qd2 Nbd7 12. a4 O-O 13. a5 bxa5 14. Nb3 Ne5 15. Nxa5 Rab8 16. b4 Ba8 17. b5 axb5 18. cxb5 d5 19. exd5 Nxd5 20. Nxd5 Bxd5 21. Rfc1 Qd7 22. b6 h6 23. f4 Nc6 24. Nxc6 Bxc6 25. Qxd7 Bxd7 26. Rc7 Rfd8 27. Raa7 1-0


[Site "https://www.chess.com"]

[Event "Titled Tuesday Blitz July 4 Early 2023"]
[White "Legenia, Artem"]
[Black "Janaszak, Dawid"]
[WhiteFideId "14136945"]
[BlackFideId "1119206"]
[WhiteElo "2289"]
[BlackElo "2592"]
[Result "1/2-1/2"]
[Round "1"]
[TimeControl "180+2"]
[Date "2023.07.04"]
[WhiteClock "0:00:37"]
[BlackClock "0:01:15"]
[Board "172"]

1. Nf3 g6 2. g3 Bg7 3. Bg2 Nf6 4. c4 O-O 5. O-O c6 6. d4 d5 7. cxd5 cxd5 8. Nc3 Ne4 9. Bf4 Nxc3 10. bxc3 Nc6 11. Nd2 Bf5 12. e4 dxe4 13. Nxe4 e5 14. dxe5 Nxe5 15. Bg5 f6 16. Qxd8 Raxd8 17. Be3 b6 18. Rfd1 Bg4 19. Rd4 Nf3+ 20. Bxf3 Bxf3 21. Nd2 Bc6 22. Re1 f5 23. Rxd8 Rxd8 24. c4 Bc3 25. Rc1 Bxd2 26. Rd1 Rc8 27. Rxd2 Be4 28. Rd4 Kf7 29. Kf1 Ke6 30. Ke1 Rc6 31. Kd2 a6 32. Kc3 Rc8 33. Kb4 Rc6 34. a4 Bf3 35. a5 bxa5+ 36. Kxa5 Be2 37. Kb4 Rc8 38. Bf4 Rc6 39. c5 Bb5 40. Rd6+ Rxd6 41. Bxd6 Kd5 42. h4 Ke4 43. Ka5 Kd5 44. Kb6 h6 45. Bf8 h5 46. Bh6 Be8 47. Bf8 Bb5 48. Bh6 Bd7 49. Bf4 a5 50. Kxa5 Kxc5 51. Be3+ Kd5 52. Kb6 Ba4 53. Kc7 Ke4 54. Kd6 Kf3 55. Ke7 Bc2 56. Bf4 Kxf2 57. Kf6 Kf3 58. Kxg6 Kg4 59. Kf6 Bd3 60. Kg6 Be4 61. Kf6 Bd3 62. Kg6 Be4 63. Kf7 Bd3 64. Kg7 Be4 65. Kf8 Bd3 66. Kg7 Be4 67. Kf8 Bd3 68. Ke7 Be4 69. Kf6 Bd3 1/2-1/2


[Site "https://www.chess.com"]

[Event "Titled Tuesday Blitz July 4 Early 2023"]
[White "ATM622"]
[Black "Osinovsky, Stepan"]
[BlackFideId "4157354"]
[WhiteElo "2590"]
[BlackElo "2289"]
[Result "1-0"]
[Round "1"]
[TimeControl "180+2"]
[Date "2023.07.04"]
[WhiteClock "0:00:38"]
[BlackClock "0:00:02"]
[Board "173"]

1. d4 Nf6 2. c4 g6 3. g3 Bg7 4. Bg2 O-O 5. Nf3 d6 6. O-O Nbd7 7. Nc3 e5 8. d5 a5 9. e4 Nc5 10. Qc2 Nh5 11. Be3 f5 12. Bxc5 dxc5 13. Rad1 f4 14. Qd3 Ra6 15. Nb5 Bd7 16. a4 g5 17. d6 c6 18. Nc7 Rb6 19. b3 g4 20. Nh4 f3 21. Bh1 Rf6 22. Nf5 Bf8 23. Qe3 Ng7 24. Nh6+ Kh8 25. Qg5 Rxb3 26. Nf7+ Rxf7 27. Qxd8 Ne6 28. Nxe6 Bxe6 29. Qe8 Bxc4 30. d7 Kg7 31. d8=Q Bxf1 32. Rxf1 c4 33. Qg5+ Kh8 34. Qxf7 Rd3 35. Qgg8# 1-0


[Site "https://www.chess.com"]

[Event "Titled Tuesday Blitz July 4 Early 2023"]
[White "Zaksaite, Salomeja"]
[Black "Domingo Nunez, Ruben"]
[WhiteFideId "12801496"]
[BlackFideId "22245570"]
[WhiteElo "2288"]
[BlackElo "2588"]
[Result "0-1"]
[Round "1"]
[TimeControl "180+2"]
[Date "2023.07.04"]
[WhiteClock "0:00:24"]
[BlackClock "0:00:56"]
[Board "174"]

1. d4 g6 2. e4 Bg7 3. Nc3 c6 4. Be3 d5 5. e5 f6 6. exf6 Nxf6 7. h3 O-O 8. Nf3 Qd6 9. Qd2 Nbd7 10. Bf4 Ne4 11. Nxe4 Qxf4 12. Qxf4 Rxf4 13. Ng3 Bxd4 14. Nxd4 Rxd4 15. c3 Rf4 16. Be2 e5 17. O-O Nc5 18. Rfe1 Bd7 19. b4 Na4 20. c4 Raf8 21. cxd5 cxd5 22. f3 Rxb4 23. Rad1 Bc6 24. Bd3 Re8 25. Bc2 Nc3 26. Bb3 Nxd1 0-1


[Site "https://www.chess.com"]

[Event "Titled Tuesday Blitz July 4 Early 2023"]
[White "Ovchinnikov, Vsevolod"]
[Black "Kostiukov, Alexandr"]
[WhiteFideId "24176842"]
[BlackFideId "14108100"]
[WhiteElo "2587"]
[BlackElo "2287"]
[Result "1-0"]
[Round "1"]
[TimeControl "180+2"]
[Date "2023.07.04"]
[WhiteClock "0:00:13"]
[BlackClock "0:00:26"]
[Board "175"]

1. d4 g6 2. Nf3 Bg7 3. g3 Nf6 4. Bg2 O-O 5. b3 c5 6. Bb2 cxd4 7. Nxd4 Nc6 8. O-O d5 9. Nxc6 bxc6 10. c4 Be6 11. Nd2 Rb8 12. Qc2 Qa5 13. Bc3 Qa6 14. Be5 Rbc8 15. Rac1 Bf5 16. Qb2 Rfd8 17. Rfd1 Ne8 18. Bxg7 Nxg7 19. h3 Be6 20. Qc2 d4 21. b4 Bf5 22. Qb2 e5 23. Nb3 h5 24. Nc5 Qb6 25. Qa3 Ne6 26. Ne4 c5 27. b5 a6 28. bxa6 Ra8 29. Nf6+ Kg7 30. Bxa8 Rxa8 31. Nd5 Qxa6 32. Qxa6 Rxa6 33. Rd2 Bxh3 34. Rb1 Bf5 35. Rb7 Ra4 36. Nc7 Rxc4 37. Nxe6+ Bxe6 38. f3 Rc1+ 39. Kf2 c4 40. Rdb2 c3 41. R2b5 Kf6 42. Rc7 Ra1 43. Ra5 Rxa2 44. Rxa2 Bxa2 45. f4 Kf5 46. Rc5 f6 47. Kf3 Bb1 48. fxe5 fxe5 49. e3 Ke6 50. exd4 exd4 51. Ke2 d3+ 52. Kd1 c2+ 53. Kd2 Kf6 54. Ra5 g5 55. Rd5 h4 56. gxh4 gxh4 57. Rh5 c1=Q+ 58. Kxc1 Bc2 59. Rxh4 Kg5 60. Rd4 Kf5 61. Kd2 Ke5 62. Rb4 Kd5 63. Ke3 Kc5 64. Rh4 Kd5 65. Kd2 Ke5 66. Rb4 Kd5 67. Ke3 Kc5 68. Rd4 Bb1 69. Rd8 Bc2 70. Rd4 Kc6 71. Rf4 Kc5 72. Kd2 Kd5 73. Rf2 Ke4 74. Rh2 Kf3 75. Rh4 Kg3 76. Re4 Kf3 77. Re3+ Kf4 78. Re7 Kf3 79. Kc3 Kf4 80. Kd2 Kf3 81. Rf7+ Ke4 82. Rf2 Kd4 83. Rf4+ Ke5 84. Rh4 Kf5 85. Rb4 Ke5 86. Ke3 Kd5 87. Rd4+ Kc5 88. Re4 Kd5 89. Rd4+ Kc5 90. Rg4 Kd5 91. Rg5+ Kc4 92. Re5 Kc3 93. Rc5+ Kb4 94. Rc7 Kb3 95. Kd2 Kb4 96. Rc8 Kb3 97. Rd8 Kc4 98. Ke3 Kc3 99. Rc8+ Kb4 100. Rc7 Kb3 101. Kd2 Kb4 102. Rc3 Kb5 103. Rxc2 Kb4 104. Rc3 1-0


[Site "https://www.chess.com"]

[Event "Titled Tuesday Blitz July 4 Early 2023"]
[White "agvania123"]
[Black "Arat, Ufuk Sezen"]
[BlackFideId "6309089"]
[WhiteElo "2278"]
[BlackElo "2586"]
[Result "0-1"]
[Round "1"]
[TimeControl "180+2"]
[Date "2023.07.04"]
[WhiteClock "0:00:06"]
[BlackClock "0:00:28"]
[Board "176"]

1. c4 e6 2. Nc3 d5 3. e3 Nf6 4. Nf3 c5 5. cxd5 exd5 6. d4 Nc6 7. Bb5 Be7 8. O-O O-O 9. b3 Ne4 10. Bb2 Nxc3 11. Bxc3 Qb6 12. Bxc6 bxc6 13. dxc5 Bxc5 14. Bd4 Bg4 15. Bxc5 Qxc5 16. Qd4 Qxd4 17. Nxd4 c5 18. Nb5 Be2 19. Nc7 Bxf1 20. Nxa8 Bd3 21. Nc7 Rd8 22. Rd1 c4 23. Nb5 Rb8 24. Nd4 h5 25. f3 a5 26. Kf2 a4 27. bxc4 Rb2+ 28. Kg3 dxc4 29. a3 h4+ 30. Kh3 Ra2 31. Nb5 Bf5+ 32. Kxh4 Rxg2 33. Rc1 g5+ 34. Kh5 Bg6+ 35. Kh6 Rxh2+ 36. Kxg5 Rh5+ 37. Kf6 Rxb5 38. Rxc4 Rf5+ 39. Ke7 Re5+ 40. Kf6 Re6+ 41. Kg5 Rxe3 42. Rxa4 Rxf3 43. Kh6 Rh3+ 44. Kg5 Rh5+ 45. Kf6 Rf5+ 46. Ke7 Rf1 47. Rh4 Kg7 48. a4 Re1+ 49. Kd6 f5 50. a5 Ra1 51. Ke5 Rxa5+ 52. Ke6 Ra3 53. Rc4 Re3+ 54. Kd6 Kf6 55. Rc6 Kg5 56. Kd5 f4 57. Kd4 Rd3+ 58. Kc4 Rd8 59. Rc5+ Kg4 60. Kc3 f3 61. Kb2 f2 62. Ka2 f1=Q 63. Rc3 Ra8+ 64. Ra3 Qb1# 0-1


[Site "https://www.chess.com"]

[Event "Titled Tuesday Blitz July 4 Early 2023"]
[White "Ezat, Mohamed"]
[Black "Mindhunter08"]
[WhiteFideId "10600906"]
[WhiteElo "2584"]
[BlackElo "2275"]
[Result "1-0"]
[Round "1"]
[TimeControl "180+2"]
[Date "2023.07.04"]
[WhiteClock "0:00:07"]
[BlackClock "0:00:04"]
[Board "177"]

1. d4 d5 2. c4 c6 3. Nc3 e6 4. e4 dxe4 5. Nxe4 c5 6. d5 exd5 7. cxd5 Nf6 8. Nxf6+ Qxf6 9. Nf3 Bg4 10. Qa4+ Bd7 11. Bb5 a6 12. Bxd7+ Nxd7 13. O-O h6 14. Re1+ Be7 15. Ne5 O-O-O 16. Nc6 bxc6 17. Qxa6+ Kc7 18. dxc6 Qxc6 19. Qa7+ Qb7 20. Bf4+ Kc8 21. Qxb7+ Kxb7 22. Rxe7 Kc6 23. Rxf7 Rhf8 24. Rxf8 Rxf8 25. Be3 Rb8 26. b3 Ra8 27. h4 Kb5 28. Rd1 Nb6 29. Rd2 Kc6 30. Rc2 Nd7 31. Bxc5 Nxc5 32. b4 Kb6 33. bxc5+ Kc6 34. g3 Ra4 35. Kg2 Ra3 36. Rc1 h5 37. Rc2 Ra4 38. f3 g6 39. g4 hxg4 40. fxg4 Rxg4+ 41. Kh3 Rd4 42. Rg2 Rd3+ 43. Rg3 Rd5 44. Rxg6+ Kxc5 45. Rg5 Rxg5 46. hxg5 Kd5 47. a4 Kc5 48. g6 Kb6 49. g7 1-0


[Site "https://www.chess.com"]

[Event "Titled Tuesday Blitz July 4 Early 2023"]
[White "Schut, Han"]
[Black "ArtemDyachuk"]
[WhiteFideId "1005561"]
[WhiteElo "2270"]
[BlackElo "2583"]
[Result "1-0"]
[Round "1"]
[TimeControl "180+2"]
[Date "2023.07.04"]
[WhiteClock "0:00:11"]
[BlackClock "0:00:00"]
[Board "178"]

1. e4 c5 2. Nf3 Nc6 3. d4 cxd4 4. Nxd4 Nf6 5. Nc3 e5 6. Ndb5 d6 7. Nd5 Nxd5 8. exd5 Nb8 9. Qf3 a6 10. Qa3 Be7 11. Bg5 f6 12. Bd2 O-O 13. Bb4 axb5 14. Qxa8 Na6 15. Bd2 Qb6 16. Be3 Qc7 17. c3 f5 18. Qa7 f4 19. Bb6 Qd7 20. a4 Qf5 21. axb5 Qe4+ 22. Be2 Qxg2 23. O-O-O Bg5 24. Rhg1 f3+ 25. Be3 Nc5 26. Rxg2 Bf5 27. Qa3 Bxe3+ 28. fxe3 fxg2 29. Rg1 Be4 30. b4 Nd7 31. c4 Rf2 32. Kd2 Bf3 33. Rxg2 Rxg2 34. c5 Rxe2+ 35. Kc1 Rxh2 36. c6 bxc6 37. bxc6 Rh1+ 38. Kd2 Rh2+ 39. Ke1 Nf6 40. c7 Ne4 41. c8=Q+ Kf7 42. Qf5+ Ke7 43. Qxf3 Nf6 44. Qa7+ Kf8 45. Qf5 Rh1+ 46. Kd2 Rh2+ 47. Kc1 Rh1+ 48. Kb2 Rh2+ 49. Ka3 h6 50. Qg6 1-0


[Site "https://www.chess.com"]

[Event "Titled Tuesday Blitz July 4 Early 2023"]
[White "Ince, Taylan Ruzgar"]
[Black "Martin, Lewis"]
[WhiteFideId "44513089"]
[BlackFideId "410551"]
[WhiteElo "2582"]
[BlackElo "2269"]
[Result "1-0"]
[Round "1"]
[TimeControl "180+2"]
[Date "2023.07.04"]
[WhiteClock "0:00:19"]
[BlackClock "0:00:14"]
[Board "179"]

1. c4 c6 2. Nf3 Nf6 3. b3 d5 4. Bb2 Nbd7 5. g3 g6 6. Bg2 Bg7 7. O-O O-O 8. Qc2 Re8 9. d4 Ne4 10. Rd1 Ndf6 11. Ne5 Bf5 12. Qc1 Qc8 13. f3 Nd6 14. Nc3 Bh3 15. cxd5 Bxg2 16. Kxg2 Nxd5 17. Nxd5 cxd5 18. Qd2 f6 19. Nd3 b6 20. Rac1 Qb7 21. Nf4 Kf7 22. Ba3 Rad8 23. Rc2 Bh6 24. Rdc1 Qa6 25. Bxd6 Rxd6 26. Rc7 Kg8 27. R1c6 Rxc6 28. Rxc6 Rc8 29. Rxc8+ Qxc8 30. Nxd5 Kg7 31. Qd3 e6 32. Nc3 Qd7 33. d5 exd5 34. Nxd5 Kf7 35. Qc4 Kf8 36. Nxf6 Qd2 37. Qe6 Qd8 38. Nd7+ Kg7 39. Ne5 Bg5 40. Qf7+ Kh6 41. Ng4+ Kh5 42. Qxh7+ Bh6 43. Qxh6# 1-0


[Site "https://www.chess.com"]